 Dungeon Crawl Stone Soup version 0.30-a0-986-g7f2e898f52 (webtiles) character file.

Game seed: 4886460788568478525

1967 Zonian the Ruffian (level 9, -1/49 HPs)
             Began as a Vine Stalker Gladiator on Apr 2, 2023.
             Was an Initiate of Ashenzari.
             Slain by a killer bee (5 damage)
             ... on level 7 of the Dungeon.
             The game lasted 00:15:12 (5106 turns).

Zonian the Ruffian (Vine Stalker Gladiator)         Turns: 5106, Time: 00:15:13

Health: -1/49      AC: 11    Str: 21    XL:     9   Next: 19%
Magic:  0/10       EV: 11    Int:  3    God:    Ashenzari [......]
Gold:   374        SH:  0    Dex: 16    Spells: 8/8 levels left

rFire   . . .      SeeInvis .      - Unarmed
rCold   . . .      Faith    .    (no shield)
rNeg    . . .      Spirit   +    x - +1 scale mail
rPois   +          Reflect  .    b - +1 helmet "Clairvoyant Augurer" {Cun, Evo} (curse)
rElec   .          Rampage  .    (no cloak)
rCorr   +                        (no gloves)
Will    ++...                    B - +1 pair of boots Stlth
                                 (no amulet)
HPRegen 1.08/turn                l - ring "Houlenus" {rPois Will+ rCorr Int-5}
MPRegen 0.12/turn                (no ring)

@: hasted, very quick
A: fangs 3, regeneration 1, magic shield, antimagic bite, no potion heal 2
a: Renounce Religion, Shatter the Chains


You were on level 7 of the Dungeon.
You worshipped Ashenzari.
Ashenzari was noncommittal.
You visited 2 branches of the dungeon, and saw 8 of its levels.
You also visited: Ossuary.

You collected 374 gold pieces.

Inventory:

Missiles
 c - 2 throwing nets (quivered)
 d - 3 javelins
 k - 30 poisoned darts
Armour
 a - a +0 leather armour
 b - the cursed +1 helmet "Clairvoyant Augurer" (worn) {Cun, Evo}

   It has a curse which improves the following skills: Cunning: Dodging and
   Stealth.
   Evocations: Evocations.
 v - a +0 kite shield
 x - a +1 scale mail (worn)
 B - a +1 pair of boots (worn)
Jewellery
 l - the ring "Houlenus" (left hand) {rPois Will+ rCorr Int-5}
   (You found it on level 2 of the Dungeon)

   [ring of poison resistance]

   Int:       It affects your intelligence (-5).
   rPois:     It protects you from poison.
   rCorr:     It protects you from acid and corrosion.
   Will:      It increases your willpower.
Wands
 y - a wand of charming (14)
 C - a wand of flame (17)
Scrolls
 e - a scroll of brand weapon {unknown}
 f - a scroll of fear {unknown}
 i - a scroll of magic mapping {unknown}
 j - 3 scrolls of poison
 m - 2 scrolls of teleportation {unknown}
 t - a scroll of fog {unknown}
 w - 2 scrolls of torment {unknown}
 D - a scroll of enchant weapon
Potions
 g - 5 potions of mutation
 h - 3 potions of haste
 n - 3 potions of cancellation
 o - 3 potions of ambrosia {unknown}
 p - a potion of berserk rage
 q - 5 potions of brilliance {unknown}
 r - 3 potions of might {unknown}
 s - a potion of curing
 u - a potion of heal wounds {unknown}
 z - a potion of lignification {unknown}
 A - a potion of invisibility {unknown}


   Skills:
 + Level 6.9 Fighting
 - Level 4.0 Throwing
 - Level 4.0(4.3) Dodging
 + Level 7.9 Unarmed Combat


You had 8 spell levels left.
You didn't know any spells.
Your spell library was empty.

Dungeon Overview and Level Annotations

Branches:
Dungeon (7/15)             Temple (1/1) D:6         Ossuary (visited)

Altars:
Ashenzari
Cheibriados
Dithmenos
Elyvilon
Fedhas
Gozag
Hepliaklqana
Kikubaaqudgha
Makhleb
Okawaru
Qazlal
Ru
Sif Muna
Trog
Wu Jian
Yredelemnul
Zin
The Shining One

Annotations:
D:5 2 transporters, Loveship's ghost, amateur VSEn


Innate Abilities, Weirdness & Mutations

You have razor-sharp teeth.
Your natural rate of healing is unusually fast.
When hurt, damage is shared between your health and your magic reserves.
Your bite disrupts and absorbs the magic of your enemies.
Potions cannot restore your health.


Message History

The killer bee stings you. The killer bee barely misses you.
The killer bee stings you.
You hit the killer bee but do no damage.
Your bite misses the killer bee.
The killer bee is severely wounded.
You feel sick. The killer bee stings you.
The killer bee stings you but does no damage.
The killer bee stings you.
You miss the killer bee.
The killer bee is severely wounded.
You feel sick.
The killer bee stings you but does no damage.
The killer bee barely misses you. The killer bee stings you.
* * * LOW HITPOINT WARNING * * *
The killer bee barely misses you. x2; The killer bee misses you.
You closely miss the killer bee. Your bite misses the killer bee.
The killer bee is severely wounded.
You feel sick.
You are no longer poisoned.
The killer bee stings you.
* * * LOW HITPOINT WARNING * * *
The killer bee stings you.
* * * LOW HITPOINT WARNING * * *
The killer bee stings you.
* * * LOW HITPOINT WARNING * * *
You are poisoned.
The killer bee poisons you!
Your system rejects the healing.
You feel better. The killer bee closely misses you.
The killer bee stings you but does no damage.
The killer bee stings you.
* * * LOW HITPOINT WARNING * * *
The killer bee stings you but does no damage.
The killer bee misses you.
The killer bee stings you but does no damage.
Okay, then.
Okay, then.
You feel yourself speed up. The killer bee misses you.
The killer bee barely misses you. The killer bee stings you.
You die...

#...#..........
......#(.....#
......#....!.#
.............##
.............$#
[........#...##
.....>..######
......yy# .
.....#.##.y@#### .##
#....#..#...##.##
...###... #......#...#
........####..#..#...#
..........###........#
....................##
.........#.........##
.........##...#.....#
.....##<.##...#.....#


You could see 3 killer bees.

Vanquished Creatures
  Edmund (D:4)
  A water moccasin (D:6)
  A sky beast (D:6)
  2 ice beasts (D:6)
  An ogre (D:4)
  A centaur (D:7)
  A phantom (D:5)
  3 elf zombies (Ossuary)
  3 scorpions (D:6)
  A killer bee (D:7)
  A howler monkey (D:4)
  6 hounds
  3 human zombies (Ossuary)
  An orc priest (D:6)
  2 jellies
  A gnoll bouda (D:6)
  3 iguanas
  4 mummies (Ossuary)
  5 gnolls
  8 adders
  An ufetubus (D:5)
  An adder zombie (Ossuary)
  2 worms
  2 dart slugs
  6 orcs
  2 bats (D:3)
  16 endoplasms
  6 giant cockroaches
  6 goblins
  11 hobgoblins
  4 jackals (D:3)
  14 kobolds
  2 quokkas
  2 ball pythons
  2 frilled lizards
  A goblin zombie (Ossuary)
  A jackal zombie (Ossuary)
  An orc zombie (Ossuary)
  4 rats
133 creatures vanquished.

Vanquished Creatures (collateral kills)
  An orc wizard (D:6)
  A gnoll (D:6)
  An adder zombie (Ossuary)
  An orc (D:6)
  A jackal zombie (Ossuary)
5 creatures vanquished.

Vanquished Creatures (others)
  A gnoll (D:6)
  A fungus (D:3)
  12 toadstools (D:3)
14 creatures vanquished.

Grand Total: 152 creatures vanquished

Notes
Turn   | Place    | Note
-------+----------+-------------------------------------------
     0 | D:1      | Zonian the Vine Stalker Gladiator began the quest for the
                  | Orb.
     0 | D:1      | Reached XP level 1. HP: 11/11 MP: 2/2
   278 | D:1      | Reached XP level 2. HP: 13/15 MP: 3/3
   379 | D:1      | Found a faded altar of an unknown god.
   379 | D:1      | Noticed a chaos spawn
   659 | D:2      | Reached XP level 3. HP: 18/18 MP: 4/4
   699 | D:2      | Identified the ring "Houlenus" {rPois Will+ rCorr Int-5}
   987 | D:3      | Found a snail-covered altar of Cheibriados.
  1047 | D:3      | Gained mutation: Your natural rate of healing is unusually
                  | fast. [Vine Stalker growth]
  1047 | D:3      | Reached XP level 4. HP: 21/23 MP: 2/5
  1385 | D:3      | Found a glowing golden altar of the Shining One.
  1579 | D:3      | Reached XP level 5. HP: 18/27 MP: 4/6
  1913 | D:4      | Reached skill level 4 in Unarmed Combat
  1991 | D:4      | Reached XP level 6. HP: 31/32 MP: 7/7
  2302 | D:4      | Found a shadowy altar of Dithmenos.
  2345 | D:4      | Noticed Edmund
  2369 | D:4      | Killed Edmund
  2370 | D:4      | Reached XP level 7. HP: 36/36 MP: 8/8
  2388 | D:4      | Found a faded altar of an unknown god.
  2389 | D:4      | Found a hazy altar of Hepliaklqana.
  2515 | D:5      | Entered Level 5 of the Dungeon
  3182 | D:5      | Reached skill level 5 in Unarmed Combat
  3593 | D:5      | Found a burning altar of Makhleb.
  3680 | D:5      | Noticed Loveship's ghost (amateur VSEn)
  3681 | D:5      | Found a transporter.
  3684 | D:5      | Found a transporter.
  3932 | D:6      | Found a staircase to the Ecumenical Temple.
  3939 | Temple   | Entered the Ecumenical Temple
  3994 | Temple   | Became a worshipper of Ashenzari the Shackled
  4038 | D:6      | Gained mutation: You have razor-sharp teeth. [Vine Stalker
                  | growth]
  4038 | D:6      | Reached XP level 8. HP: 31/42 MP: 9/9
  4064 | D:6      | Found a sand-covered staircase.
  4081 | D:6      | Reached skill level 5 in Fighting
  4081 | D:6      | Reached skill level 6 in Unarmed Combat
  4092 | Ossuary  | Entered an ossuary
  4358 | D:6      | Reached skill level 7 in Unarmed Combat
  4388 | D:6      | Reached XP level 9. HP: 22/49 MP: 10/10
  4877 | D:6      | Found a stormy altar of Qazlal.
  5106 | D:7      | Slain by a killer bee

Illustrated notes

Levels and vault maps discovered:
D:1:      dpeg_arrival_rooms_c, layout_rooms,
          dreamdust_ecumenical_altar_sealed_demon
D:2:      cheibrodos_greedy_goblins, layout_basic, kennysheep_generic_room_4
D:3:      cheibrodos_fertilizer, layout_rooms, mainiacjoe_overflow_paths,
          tso_altar
D:4:      layout_cave_pools, beargit_hepliaklqana_dungeon_heroes,
          grunt_dithmenos_smoke_and_mirrors, minivault_25
D:5:      layout_basic, lemuel_coloured_pillars_altar, gammafunk_ghost_mausoleum
D:6:      layout_cave_pools, nicolae_qazlal_eye_of_the_storm,
          minmay_temple_entry_trees, nicolae_ossuary_entry_plus,
          due_unseen_surprise
D:7:      layout_cave_pools
Temple:   nicolae_temple_hex_pool

Skill      XL: |  1  2  3  4  5  6  7  8 |
---------------+-------------------------+-----
Fighting       | 2 3 4 6 |  6.9
Throwing       | 2 3 4 |  4.0
Dodging        | 3 4 |  4.0
Unarmed Combat | 4 5 7 |  7.9

Action                     |  1- 3 |  4- 6 |  7- 9 || total
---------------------------+-------+-------+-------++-------
  Melee: Unarmed           |    97 |   164 |   241 ||   502
         Bite              |    26 |    45 |    91 ||   162
         Punch             |     6 |     4 |    11 ||    21
  Throw: Dart              |       |    10 |       ||    10
         Throwing net      |       |     3 |     1 ||     4
         Javelin           |       |       |     3 ||     3
 Invoke: Curse Item        |       |       |     1 ||     1
  Evoke: Wand              |       |       |     3 ||     3
    Use: Scroll            |       |     2 |     9 ||    11
         Potion            |       |       |     4 ||     4
   Stab: Sleeping          |     1 |     1 |       ||     2
         Held in net/web   |       |     2 |     1 ||     3
 Armour: Leather armour    |    15 |    28 |     8 ||    51
         Scale mail        |       |       |   135 ||   135
  Dodge: Dodged            |    50 |    79 |   239 ||   368

Table legend: (Time is in decaauts)
 A = Elapsed time spent in this place.
 B = Non-inter-level travel time spent in this place.
 C = Inter-level travel time spent in this place.
 D = Time resting spent in this place.
 E = Time spent auto-exploring this place.
 F = Levels seen in this place.
 G = Mean time per level.
                   A        B        C        D        E       F      G
               +--------+--------+--------+--------+--------+-----+--------+
         Total |   5062 |   4901 |    161 |    926 |   2414 |   9 |  562.4 |
       Dungeon |   4743 |   4582 |    161 |    926 |   2373 |   7 |  677.6 |
        Temple |     67 |     67 |      0 |      0 |      0 |   1 |   67.0 |
       Ossuary |    251 |    251 |      0 |      0 |     41 |   1 |  251.0 |
               +--------+--------+--------+--------+--------+-----+--------+

Top non-repeatable levels by time:
     D:4: 1061 daAuts
     D:5: 989 daAuts
     D:3: 893 daAuts
     D:6: 734 daAuts
     D:1: 488 daAuts
     D:2: 473 daAuts
 Ossuary: 251 daAuts
     D:7: 102 daAuts
  Temple: 67 daAuts
